 Dungeon Crawl Stone Soup version 0.29-a0-409-gd843f3a48c (webtiles) character file.

Game seed: 8577416374681153883

2986 runemasterragnar the Firebug (level 9, -10/70 HPs)
             Began as a Demonspawn Monk on May 14, 2022.
             Was a Plaything of Xom.
             Killed from afar by an acid dragon (22 damage)
             ... with a splash of acid
             ... on level 9 of the Dungeon.
             The game lasted 00:16:57 (8854 turns).

runemasterragnar the Firebug (Demonspawn Monk)      Turns: 8854, Time: 00:16:57

Health: -10/70     AC: 13    Str: 11 (13) XL:     9   Next: 53%
Magic:  18/18      EV: 14    Int: 13 (14) God:    Xom [.....*]
Gold:   379        SH:  0    Dex: 24      Spells: 5/20 levels left

rFire   . . .      SeeInvis .   f - +5 quarterstaff (chaos)
rCold   + . .      Faith    .   (shield currently unavailable)
rNeg    . . .      Spirit   .   b - +0 robe
rPois   .          Reflect  .   x - +1 hat
rElec   .          Harm     .   e - +1 cloak {Stlth+}
rCorr   .          Rampage  .   (no gloves)
Will    .....                   l - +0 pair of boots
Stlth   ++++......              (no amulet)
HPRegen 0.21/turn               r - +6 ring of dexterity
MPRegen 0.16/turn               w - +4 ring of protection

@: mighty, lethally poisoned (-10 -> -24), slowed, very slow
A: antennae 2, thin metallic scales 2, demonic guardian 1, ignite blood 1,
robust 1, cold resistance 1, deformed body, deterioration 1, screaming 1, shaggy
fur 1, strong 1
a: Renounce Religion


You were on level 9 of the Dungeon.
You worshipped Xom.
You were Xom's teddy bear.
You visited 1 branch of the dungeon, and saw 9 of its levels.

You collected 379 gold pieces.

Inventory:

Hand Weapons
 a - a +0 falchion
 f - a +5 quarterstaff of chaos (weapon)
Missiles
 m - 2 throwing nets (quivered)
 y - 4 javelins
Armour
 b - a +0 robe (worn)
 d - an orb of wrath
 e - a +1 cloak of stealth (worn)
 l - a +0 pair of boots (worn)
 o - a +0 buckler
 x - a +1 hat (worn)
Jewellery
 r - a +6 ring of dexterity (left hand)
 w - a +4 ring of protection (right hand)
 A - a ring of wizardry
Wands
 u - a wand of paralysis (3)
Scrolls
 g - 4 scrolls of amnesia
 i - a scroll of fog
 p - a scroll of vulnerability
 q - a scroll of magic mapping
 s - a scroll of blinking
Potions
 h - 3 potions of degeneration
 j - 3 potions of attraction
 k - a potion of might
 t - 2 potions of curing
 z - a potion of magic
 C - a potion of resistance


   Skills:
 - Level 3.4 Fighting
 - Level 3.1 Long Blades
 - Level 3.1 Dodging
 - Level 2.3 Stealth
 + Level 6.0 Spellcasting
 - Level 5.1 Conjurations
 * Level 4.2 Summonings
 - Level 7.6 Fire Magic


You had 5 spell levels left.
You knew the following spells:

 Your Spells              Type           Power      Damage    Failure   Level
a - Scorch                Fire           46%        2d7       1%          2
b - Flame Wave            Conj/Fire      20%        2d7       12%         4
c - Summon Cactus Giant   Summ           7%         N/A       99%         6
d - Call Canine Familiar  Summ           15%        N/A       9%          3

Your spell library contained the following spells:

 Spells                   Type           Power      Damage    Failure   Level
 Foxfire                  Conj/Fire      80%        2x1d8     1%          1
 Summon Small Mammal      Summ           60%        N/A       3%          1
 Conjure Flame            Conj/Fire      20%        6-21      3%          3
 Inner Flame              Hex/Fire       13%        N/A       11%         3
 Summon Guardian Golem    Hex/Summ       9%         N/A       22%         3


Dungeon Overview and Level Annotations

Branches:
Dungeon (9/15)             Temple (0/1) D:4
   Lair: D:8-11         Orc: D:9-12

Altars:
Xom

Annotations:
D:9 Amaemon


Innate Abilities, Weirdness & Mutations

You have a pair of antennae on your head.
You are mostly covered in thin metallic scales. (AC +3)
A weak demonic guardian rushes to your aid.
Your demonic aura sometimes causes spilled blood to erupt in flames.
You are robust. (+10% HP)
Your flesh is cold resistant. (rC+)
Armour fits poorly on your strangely shaped body.
Your body sometimes deteriorates upon taking damage.
You occasionally shout uncontrollably at your foes.
You are covered in fur. (AC +1)
Your muscles are strong. (Str +2)


Message History

The orc warrior hits your ufetubus with a +0 trident.
Your ufetubus dies!
Your ufetubus disappears in a puff of smoke!
The orc warrior shouts!
An orc and an orc priest come into view.
An orc comes into view. It is wielding a +0 club.
The orc moves out of view.
The orc priest moves out of view.
Unknown command.
You barely miss the orc priest.
Your surroundings suddenly seem different. 2 steam dragons and an orc come into view.
A centaur comes into view. It is wielding a +0 shortbow.
The orange demon stings you but does no damage.
A bullfrog comes into view.
The steam dragon moves out of view.
The steam dragon hisses angrily.
Okay, then.
The steam dragon attacks as you move away!
The steam dragon bites you. The steam dragon claws you.
You hear a croak.
The bullfrog gives a loud, deep croak!
You hear a loud, deep croak!
The centaur shouts!
As you read the scroll of fear, it crumbles to dust.
You assume a fearsome visage.
The steam dragon looks frightened!
The orange demon looks frightened!
The centaur looks frightened!
The bullfrog looks frightened!
You hear a roar!
You hear a shout!
You hear a croak.
An acid dragon comes into view.
The centaur cries, "Help!"
You hear an angry hiss.
The kobold brigand throws a curare-tipped dart.
The curare-tipped dart hits you.
You are poisoned.
You have difficulty breathing.
* * * LOW HITPOINT WARNING * * *
Your body deteriorates!
You feel dopey.
You feel yourself slow down. The acid dragon spits acid at you.
The splash of acid hits you!!
You die...
Xom cackles wildly!

≈≈≈≈≈≈≈§≈
####.##.##.###
....##.##.####
.###4.##........
.†.D.........P..
##..†...o....P {
#..........P.P
#........$.... {
#..@...####..P
#......# .P
##.....# #...†.#
#.......
..P......
#c..D.PKP.
#.#.......


You could see an orange demon (fleeing), a steam dragon (fleeing), an acid
dragon (catching breath), a kobold brigand, a centaur (fleeing) and an orc.

Vanquished Creatures
  A water moccasin (D:7)
  Duvessa (D:7)
  An ice beast (D:7)
  An orc warrior (D:9)
  An ogre (D:4)
  A wolf (D:9)
  A centaur (D:7)
  A phantom (D:4)
  A kobold brigand (D:6)
  A necrophage (D:5)
  A scorpion (D:7)
  2 bullfrogs
  14 wights
  Dowan (D:7)
  A killer bee (D:9)
  5 bullfrog zombies (D:6)
  A centaur zombie (D:6)
  5 orc priests
  5 jellies
  Crazy Yiuf (D:4)
  2 hounds
  3 orc wizards
  2 iguanas
  A killer bee zombie (D:6)
  A howler monkey zombie (D:6)
  8 adders
  4 gnolls (D:2)
  A shadow imp (D:5)
  2 white imps
  4 worms
  2 dart slugs
  23 orcs
  6 ball pythons
  2 bats
  6 endoplasms
  3 giant cockroaches
  6 goblins
  6 hobgoblins
  2 jackals (D:4)
  7 kobolds
  A quokka (D:2)
  5 frilled lizards
  3 rats
146 creatures vanquished.

Vanquished Creatures (collateral kills)
  A wight (D:6)
  A centaur zombie (D:6)
  A jelly (D:7)
  An orc (D:6)
  A kobold (D:6)
5 creatures vanquished.

Vanquished Creatures (others)
  Grum (D:8)
  A black bear (D:9)
  A wolf (D:8)
  2 killer bees (D:9)
  15 fungi (D:9)
  27 plants
  6 withered plants (D:6)
53 creatures vanquished.

Grand Total: 204 creatures vanquished

Notes
Turn   | Place    | Note
-------+----------+-------------------------------------------
     0 | D:1      | runemasterragnar the Demonspawn Monk began the quest for
                  | the Orb.
     0 | D:1      | Reached XP level 1. HP: 18/18 MP: 1/1
   291 | D:1      | Gained mutation: You are partially covered in thin metallic
                  | scales. (AC +2) [demonic ancestry]
   291 | D:1      | Reached XP level 2. HP: 22/24 MP: 2/2
   358 | D:1      | Found a faded altar of an unknown god.
   370 | D:1      | Prayed at the altar of an unknown god.
   370 | D:1      | Became a worshipper of Xom of Chaos
   404 | D:1      | XOM: divination: magic mapping
   706 | D:1      | XOM: silly message
   737 | D:1      | XOM: divination: detect creatures
   738 | D:1      | XOM: cloud trail
   741 | D:1      | XOM: silly message
   814 | D:1      | Gained mutation: You are mostly covered in thin metallic
                  | scales. (AC +3) [demonic ancestry]
   814 | D:1      | Reached XP level 3. HP: 29/29 MP: 3/3
   883 | D:2      | You fall into a shaft and drop 1 floor!
  1020 | D:3      | Learned a level 2 spell: Scorch
  1494 | D:3      | XOM: 2-stop teleportation journey
  1512 | D:3      | XOM: 1-stop teleportation journey
  1950 | D:2      | XOM: cloud trail
  1982 | D:2      | XOM: torment (16/29 hp)
  2089 | D:2      | XOM is BORED!
  2089 | D:2      | XOM: 3-stop teleportation journey
  2130 | D:2      | Reached skill level 1 in Fire Magic
  2146 | D:2      | Reached XP level 4. HP: 35/35 MP: 3/5
  2161 | D:2      | Reached skill level 1 in Spellcasting
  2497 | D:2      | XOM: draining
  2779 | D:2      | Reached skill level 2 in Fire Magic
  3328 | D:4      | XOM is BORED!
  3328 | D:4      | Found a runed translucent door.
  3328 | D:4      | Noticed Crazy Yiuf
  3328 | D:4      | XOM: 1-stop teleportation journey
  3342 | D:4      | Killed Crazy Yiuf
  3343 | D:4      | Reached XP level 5. HP: 15/36 MP: 4/7
  3524 | D:4      | Noticed a phantom
  3537 | D:4      | Killed a phantom
  3538 | D:4      | Reached skill level 3 in Fire Magic
  3551 | D:4      | XOM: 8-stop teleportation journey
  3716 | D:4      | Gained mutation: Your demonic aura sometimes causes spilled
                  | blood to erupt in flames. [demonic ancestry]
  3716 | D:4      | Reached XP level 6. HP: 36/47 MP: 9/9
  3775 | D:4      | XOM: 1-stop teleportation journey
  3885 | D:4      | XOM: summons 3 hostile shadow creatures
  3901 | D:5      | Entered Level 5 of the Dungeon
  3968 | D:5      | XOM: silly message
  4201 | D:5      | Reached skill level 4 in Fire Magic
  4217 | D:5      | Learned a level 4 spell: Flame Wave
  4363 | D:5      | XOM: give mutations
  4363 | D:5      | Gained mutation: You are clumsy. (Dex -2) [Xom's mischief]
  4363 | D:5      | Lost mutation: You are clumsy. (Dex -2) [Xom's mischief]
  4517 | D:4      | XOM: polymorph ball python -> adder
  4519 | D:4      | Gained mutation: A weak demonic guardian rushes to your
                  | aid. [demonic ancestry]
  4519 | D:4      | Reached XP level 7. HP: 52/52 MP: 11/11
  4532 | D:4      | XOM: cloud trail
  4578 | D:4      | Found a staircase to the Ecumenical Temple.
  4586 | D:4      | Reached skill level 5 in Fire Magic
  4769 | D:4      | XOM: 5-stop teleportation journey
  5532 | D:5      | XOM: silly message
  5700 | D:6      | XOM: potion effect (berserk rage)
  5704 | D:6      | Reached skill level 1 in Conjurations
  5704 | D:6      | Reached skill level 6 in Fire Magic
  5705 | D:6      | Gained mutation: You have a pair of small antennae on your
                  | head. [demonic ancestry]
  5705 | D:6      | Reached XP level 8. HP: 58/58 MP: 14/14
  5874 | D:6      | XOM: silly message
  6462 | D:6      | XOM: potion effect (curing)
  6468 | D:6      | XOM: silly message
  6904 | D:6      | XOM: noise
  6921 | D:6      | Reached skill level 7 in Fire Magic
  7415 | D:6      | Learned a level 6 spell: Summon Cactus Giant
  7592 | D:7      | XOM: silly message
  7609 | D:7      | XOM: silly message
  7624 | D:7      | Noticed Duvessa
  7624 | D:7      | Noticed Dowan
  7655 | D:7      | Reached skill level 5 in Spellcasting
  7689 | D:7      | Killed Duvessa
  7692 | D:7      | Killed Dowan
  7693 | D:7      | Gained mutation: You are robust. (+10% HP) [demonic
                  | ancestry]
  7693 | D:7      | Reached XP level 9. HP: 31/70 MP: 16/16
  7937 | D:7      | XOM: potion effect (haste)
  7938 | D:7      | XOM: silly message
  7973 | D:7      | Reached skill level 5 in Conjurations
  8075 | D:7      | XOM: give mutations
  8075 | D:7      | Gained mutation: You have a pair of antennae on your head.
                  | [Xom's mischief]
  8075 | D:7      | Gained mutation: Armour fits poorly on your strangely
                  | shaped body. [Xom's mischief]
  8075 | D:7      | Gained mutation: You occasionally shout uncontrollably at
                  | your foes. [Xom's mischief]
  8075 | D:7      | Gained mutation: Your body sometimes deteriorates upon
                  | taking damage. [Xom's mischief]
  8134 | D:7      | Reached skill level 1 in Summonings
  8444 | D:7      | XOM: give mutations
  8444 | D:7      | Gained mutation: Your flesh is cold resistant. (rC+) [Xom's
                  | grace]
  8444 | D:7      | Gained mutation: You are covered in fur. (AC +1) [Xom's
                  | grace]
  8444 | D:7      | Gained mutation: Your muscles are strong. (Str +2) [Xom's
                  | grace]
  8579 | D:8      | Learned a level 3 spell: Call Canine Familiar
  8588 | D:8      | Noticed Grum
  8591 | D:8      | Killed Grum
  8591 | D:8      | XOM: divine lightning
  8599 | D:8      | XOM: 3-stop teleportation journey
  8721 | D:8      | XOM: 3-stop teleportation journey
  8736 | D:8      | Noticed a two-headed ogre
  8738 | D:8      | XOM: scenery: summon butterflies
  8754 | D:9      | Noticed a tengu conjurer
  8759 | D:9      | Noticed an orange demon
  8760 | D:9      | XOM: destruction
  8760 | D:9      | Noticed Amaemon
  8762 | D:9      | XOM: scenery: summon butterflies
  8790 | D:9      | XOM: scenery: 1 doors close
  8807 | D:9      | XOM: enchant monster (good)
  8845 | D:9      | XOM: potion effect (curing)
  8854 | D:9      | Killed from afar by an acid dragon

Illustrated notes

Levels and vault maps discovered:
D:1:      minmay_arrival_open_corners, layout_loops_cross,
          chequers_ecumenical_altar_simple_redux
D:2:      layout_basic
D:3:      layout_basic
D:4:      layout_loops_ring, minmay_temple_entry_crystal_x,
          chequers_serial_rivers_micro_e, grunt_decor_mini_mirrors,
          saegor_snake_ambush, uniq_crazy_yiuf_cottage
D:5:      layout_rooms
D:6:      layout_basic, serial_undead, serial_undead_a, serial_undead_e,
          serial_undead_d, serial_undead_c, serial_undead_e, serial_undead_a,
          serial_undead_e, serial_undead_b, minivault_1,
          hangedman_abyss_or_decor_stabs
D:7:      layout_basic, uniq_duvessa
D:8:      layout_loops_ring, lemuel_crystal_altar,
          chequers_serial_rivers_micro_d, minmay_shattered_shrine, uniq_grum,
          uniq_joseph
D:9:      cheibrodos_ideogram_h, layout_rooms, grunt_lair_entry_orc_guard_hut,
          hiddenorc2_lemuel, uniq_psyche, uniq_amaemon

Skill      XL: |  1  2  3  4  5  6  7  8  9 |
---------------+----------------------------+-----
Stealth        | 2 |  2.3
Dodging        | 3 |  3.1
Long Blades    | 3 |  3.1
Fire Magic     | 1 2 3 4 6 7 |  7.6
Spellcasting   | 1 2 3 4 5 6 |  6.0
Conjurations   | 1 4 5 |  5.1
Summonings     | 4 |  4.2
Fighting       | |  3.4

Action                   |  1- 3 |  4- 6 |  7- 9 || total
-------------------------+-------+-------+-------++-------
Melee: Falchion          |   109 |    87 |       ||   196
       Quarterstaff      |       |    62 |   228 ||   290
 Cast: Scorch            |       |     2 |     3 ||     5
       Flame Wave        |       |       |     8 ||     8
       Call Canine Famil |       |       |     1 ||     1
Evoke: Wand              |       |       |     3 ||     3
  Use: Potion            |     1 |     4 |     4 ||     9
       Scroll            |       |    10 |    10 ||    20
 Stab: Sleeping          |     6 |    12 |    12 ||    30
       Distracted        |       |       |     2 ||     2
Armor: Robe              |    17 |    50 |   139 ||   206
Dodge: Dodged            |    80 |   115 |   241 ||   436

Table legend: (Time is in decaauts)
 A = Elapsed time spent in this place.
 B = Non-inter-level travel time spent in this place.
 C = Inter-level travel time spent in this place.
 D = Time resting spent in this place.
 E = Time spent auto-exploring this place.
 F = Levels seen in this place.
 G = Mean time per level.
                   A        B        C        D        E       F      G
               +--------+--------+--------+--------+--------+-----+--------+
         Total |   9008 |   8736 |    272 |    592 |   6570 |   9 | 1000.9 |
       Dungeon |   9008 |   8736 |    272 |    592 |   6570 |   9 | 1000.9 |
               +--------+--------+--------+--------+--------+-----+--------+

Top non-repeatable levels by time:
     D:6: 2156 daAuts
     D:4: 1561 daAuts
     D:2: 1304 daAuts
     D:7: 1125 daAuts
     D:3: 893 daAuts
     D:1: 892 daAuts
     D:5: 770 daAuts
     D:8: 184 daAuts
     D:9: 121 daAuts
